 Dungeon Crawl Stone Soup version 0.27-a0-333-gfa571bf19a (webtiles) character file.

Game seed: 14199645427672366498

39026 paulo the Arsonist (level 14, -12/130 HPs)
             Began as a Naga Fire Elementalist on Feb 12, 2021.
             Was an Elder of Vehumet.
             Mangled by a sun demon (16 damage)
             ... on level 6 of the Lair of Beasts.
             The game lasted 01:14:45 (35380 turns).

paulo the Arsonist (Naga Fire Elementalist)        Turns: 35380, Time: 01:14:46

Health: -12/130    AC: 16    Str: 11    XL:     14   Next: 4%
Magic:  11/36      EV:  9    Int: 19    God:    Vehumet [****..]
Gold:   748        SH:  0    Dex: 13    Spells: 4/31 levels left

rFire    . . .     SeeInvis +   v - +3 battleaxe (freeze)
rCold    . . .     Faith    .   (shield currently unavailable)
rNeg     . . .     Spirit   .   i - +0 acid dragon scales
rPois    +         Reflect  .   y - +0 helmet
rElec    .         Harm     .   u - +2 cloak {rPois}
rCorr    +         Rampage  .   m - +0 pair of gloves
Will     +....                  (no barding)
Stlth    ++........             e - amulet of magic regeneration
HPRegen  0.31/turn              x - ring of magical power
MPRegen  0.50/turn              g - +4 ring of protection

@: about to teleport, very slow
A: large, see invisible, deformed body, poison resistance, slowness 2, spit
poison 1, constrict 1, AC +4
a: Spit Poison, Renounce Religion


You were on level 6 of the Lair of Beasts.
You worshipped Vehumet.
Vehumet was greatly pleased with you.
You visited 3 branches of the dungeon, and saw 16 of its levels.

You collected 924 gold pieces.
You spent 176 gold pieces at shops.

Inventory:

Hand Weapons
 v - a +3 battleaxe of freezing (weapon)
Armour
 i - +0 acid dragon scales (worn)
 m - a +0 pair of gloves (worn)
 u - a +2 cloak of poison resistance (worn)
 y - a +0 helmet (worn)
Jewellery
 b - a ring of protection from cold
 e - an amulet of magic regeneration (around neck)
 g - a +4 ring of protection (right hand)
 s - a ring of resist corrosion
 x - a ring of magical power (left hand)
 B - a +6 ring of intelligence
 C - a ring of protection from cold
Wands
 k - a wand of random effects (7)
 p - a wand of flame (27)
 E - a wand of acid (5)
 G - a wand of iceblast (17)
 I - a wand of polymorph (8)
Scrolls
 d - 2 scrolls of teleportation
 f - 6 scrolls of immolation
 h - 5 scrolls of enchant weapon
 r - 2 scrolls of fog
 z - a scroll of enchant armour
 A - a scroll of magic mapping {unknown}
 M - a scroll of fear
 N - a scroll of brand weapon {unknown}
Potions
 a - 2 potions of curing
 c - 3 potions of haste
 j - 2 potions of mutation
 l - a potion of heal wounds
 n - 3 potions of flight
 o - 3 potions of might
 q - 3 potions of degeneration {unknown}
 t - 2 potions of attraction
 w - a potion of berserk rage
 D - a potion of brilliance {unknown}
 H - a potion of ambrosia
 K - 2 potions of invisibility {unknown}
 O - 3 potions of magic


   Skills:
 + Level 9.8 Fighting
 - Level 1.5 Dodging
 - Level 3.0 Stealth
 + Level 9.2 Spellcasting
 * Level 13.5 Conjurations
 * Level 13.8 Fire Magic


You had 4 spell levels left.
You knew the following spells:

 Your Spells              Type           Power        Failure   Level
a - Foxfire               Conj/Fire      100%         1%          1
b - Sticky Flame          Conj/Fire      57%          1%          4
c - Conjure Flame         Conj/Fire      57%          1%          3
d - Swiftness             Air            8%           19%         2
e - Bolt of Magma         Conj/Fire/Erth 21%          2%          5
f - Fireball              Conj/Fire      28%          1%          5
g - Orb of Destruction    Conj           28%          11%         7

Your spell library contained the following spells:

 Spells                   Type           Power        Failure   Level
 Lee's Rapid Deconstruct  Erth           4%           63%         5
 Shock                    Conj/Air       100%         1%          1
 Inner Flame              Hex/Fire       35%          1%          3
 Static Discharge         Conj/Air       34%          1%          3
 Hailstorm                Conj/Ice       34%          2%          4
 Freeze                   Ice            32%          3%          1
 Frozen Ramparts          Ice            16%          11%         3
 Airstrike                Air            4%           30%         4
 Ozocubu's Armour         Ice            8%           36%         3
 Summon Ice Beast         Ice/Summ       8%           77%         4
 Iskenderun's Battlesphe  Conj           57%          1%          5
 Lightning Bolt           Conj/Air       17%          6%          5
 Iron Shot                Conj/Erth      17%          28%         6
 Spellforged Servitor     Conj/Summ      17%          82%         7


Dungeon Overview and Level Annotations

Branches:
Dungeon (9/15)             Temple (1/1) D:5            Lair (6/6) D:9
  Swamp (0/4) Lair:2        Snake (0/4) Lair:3        Slime (0/5) Lair:5
    Orc: D:9-12

Altars:
Dithmenos
Fedhas
Gozag
Makhleb
Nemelex Xobeh
Trog
Uskayaw
Vehumet
Wu Jian
Xom
Zin
The Shining One

Shops:
D:5 *   D:6 (   D:7 =:!

Annotations:
D:1 1 runed translucent door
D:4 3 runed translucent doors, 2 exclusions, Dowan; XanderDroid's ghost, amateur GnWz
Lair:1 2 transporters, exclusion: oklob plant
Lair:3 exclusion: oklob plant
Lair:4 exclusion: 4 oklob plants
Lair:5 1 runed translucent door, exclusion: downstairs, EnegeticOcto's ghost, journeyman DgWn
Lair:6 exclusion: door


Innate Abilities, Weirdness & Mutations

You cannot wear boots.
Your serpentine skin is tough. (AC +4)
You have supernaturally acute eyesight. (SInv)
Armour fits poorly on your strangely shaped body.
Your system is resistant to poisons. (rPois)
You cover ground very slowly.
You can spit poison.
You can use your snake-like lower body to constrict enemies.


Message History

Unknown command.
Casting: Bolt of Magma (mildly dangerous; 2% risk of failure)
Confirm with . or Enter, or press ? or * to list all spells.
Aiming: Bolt of Magma (mildly dangerous; 2% risk of failure)
Press: ? - help, Shift-Dir - straight line The bolt of magma hits the sun demon!
The sun demon partially resists.
The sun demon is heavily wounded.
The bolt of magma hits the orange demon!!
You kill the orange demon!
Vehumet accepts your kill.
You feel your power returning. The sun demon hits you!
You are engulfed in flames!
Unknown command.
Casting: Bolt of Magma (mildly dangerous; 2% risk of failure)
Confirm with . or Enter, or press ? or * to list all spells.
You can't see any susceptible monsters within range! (Use Z to cast anyway.)
Casting: Bolt of Magma (mildly dangerous; 2% risk of failure)
Confirm with . or Enter, or press ? or * to list all spells.
Aiming: Bolt of Magma (mildly dangerous; 2% risk of failure)
Press: ? - help, Shift-Dir - straight line The bolt of magma misses the sun demon.
The bolt of magma misses the hell hound.
You hear a screech!
The hell hound breathes flames at you.
The blast of flame hits the sun demon.
The sun demon completely resists.
The blast of flame hits you. The sun demon hits you.
You are engulfed in flames!
An orange demon comes into view.
The orange demon screeches!
Unknown command.
Unknown command.
As you read the scroll of teleportation, it crumbles to dust.
You feel strangely unstable. The sun demon hits you!
* * * LOW HITPOINT WARNING * * *
You are engulfed in flames!
* * * LOW HITPOINT WARNING * * *
The sun demon hits you!
* * * LOW HITPOINT WARNING * * *
You are engulfed in flames!
You die...

#........#....§≈
#...8.8.)#.....4
#..8.#...'....3h #...8.#..#
#..#.8...#
#...#.8..###############
#..8.8...4.............#
♣#........#...8....8....#
♣♣♣+#########.h3@.........#
♣♣.♣♣♣ ######''#######
.....♣♣♣ ♣.♣......♣
.......♣♣♣ ♣......♣♣♣
♣..♣♣♣...♣♣ ♣.....♣♣ ♣♣♣♣
♣♣...♣♣♣♣.....♣
♣♣♣..♣♣....♣♣♣ ♣....♣♣♣♣♣
♣...♣♣


You could see a sun demon, an orange demon and a hell hound (catching breath).

Vanquished Creatures
  A dire elephant (Lair:6)
  5 hydras
  2 lindwurms (Lair:5)
  A wizard (Lair:6)
  14 elephants
  8 black mambas
  2 torpor snails
  An orange demon (Lair:6)
  10 cane toads
  5 rime drakes
  Maggie (D:7)
  8 komodo dragons
  2 polar bears
  7 blink frogs
  A tyrant leech (Lair:2)
  Grinder (D:3)
  10 dream sheep
  A spriggan (D:8)
  33 yaks
  3 basilisks
  Eustachio (D:5)
  3 wyverns
  A steam dragon (D:9)
  2 swamp worms (Lair:2)
  A hell hound (Lair:6)
  19 water moccasins
  An orc warrior (D:7)
  A black bear (Lair:2)
  2 sky beasts
  An ice beast (D:9)
  2 necrophages
  3 centaurs (D:8)
  3 ogres
  4 phantoms
  15 wolves
  21 bullfrogs
  A water moccasin zombie (D:7)
  5 scorpions
  5 killer bees
  3 wights (D:6)
  An electric eel (Lair:5)
  A quasit (D:9)
  6 orc priests
  2 hounds
  7 jellies
  3 bullfrog skeletons
  2 bullfrog zombies
  Crazy Yiuf (D:4)
  3 centaur skeletons
  Ijyb (D:5)
  An iguana (D:9)
  8 orc wizards
  17 hell rats (Lair:4)
  5 worker ants
  A hound zombie (D:6)
  2 hound skeletons
  A howler monkey zombie (D:6)
  A worker ant zombie (D:7)
  3 gnolls (D:2)
  14 adders
  4 shadow imps
  2 white imps
  An ufetubus (D:8)
  An adder skeleton (D:6)
  2 worms (D:2)
  4 dart slugs
  6 leopard geckos
  34 orcs
  A ball python (D:3)
  9 bats
  4 giant cockroaches
  9 hobgoblins
  23 jackals
  12 kobolds
  3 quokkas
  A frilled lizard (D:4)
  17 goblins
  A leopard gecko skeleton (D:9)
  A quokka zombie (D:6)
  10 rats
  A bush (Lair:5)
436 creatures vanquished.

Vanquished Creatures (others)
  A bush (Lair:4)
  842 foxfires
  119 fungi
  99 plants
1061 creatures vanquished.

Grand Total: 1497 creatures vanquished

Notes
Turn   | Place    | Note
-------+----------+-------------------------------------------
     0 | D:1      | paulo the Naga Fire Elementalist began the quest for the
                  | Orb.
     0 | D:1      | Reached XP level 1. HP: 15/15 MP: 3/3
     1 | D:1      | Found a runed translucent door.
    51 | D:1      | Found a glowing golden altar of the Shining One.
   430 | D:1      | Reached XP level 2. HP: 18/22 MP: 0/5
   869 | D:1      | Reached XP level 3. HP: 23/30 MP: 3/6
  1156 | D:1      | Learned a level 3 spell: Conjure Flame
  1999 | D:2      | Reached skill level 1 in Fighting
  2371 | D:2      | Reached XP level 4. HP: 6/38 MP: 2/7
  2891 | D:2      | Found a faded altar of an unknown god.
  3530 | D:2      | Found a burning altar of Makhleb.
  3600 | D:2      | Reached XP level 5. HP: 44/44 MP: 1/8
  3914 | D:2      | Learned a level 4 spell: Sticky Flame
  5069 | D:3      | Reached XP level 6. HP: 26/52 MP: 0/10
  6354 | D:3      | Noticed Grinder
  6374 | D:3      | Killed Grinder
  6375 | D:3      | Reached skill level 5 in Fire Magic
  6375 | D:3      | Reached XP level 7. HP: 45/61 MP: 1/11
  6942 | D:4      | Found a runed translucent gate.
  6943 | D:4      | Found a runed translucent gate.
  6943 | D:4      | Found a runed translucent gate.
  6943 | D:4      | Noticed XanderDroid's ghost (amateur GnWz)
  7971 | D:4      | Found a runed translucent door.
  7972 | D:4      | Noticed Crazy Yiuf
  8378 | D:4      | Noticed Dowan
  8920 | D:4      | Found a bloodstained altar of Trog.
  8934 | D:4      | Reached XP level 8. HP: 69/69 MP: 5/13
  9068 | D:4      | Reached skill level 5 in Conjurations
  9685 | D:4      | Killed Crazy Yiuf
  9772 | D:5      | Entered Level 5 of the Dungeon
  9939 | D:5      | Found a staircase to the Ecumenical Temple.
 10147 | Temple   | Entered the Ecumenical Temple
 10169 | Temple   | Became a worshipper of Vehumet
 10358 | D:5      | Found a glowing silver altar of Zin.
 10419 | D:5      | Found Tepull's General Store.
 10465 | D:5      | Found a shadowy altar of Dithmenos.
 10710 | D:5      | Noticed Ijyb
 10724 | D:5      | Killed Ijyb
 10828 | D:5      | Noticed Eustachio
 10839 | D:5      | Killed Eustachio
 10936 | D:6      | Found Tucsos's Weapon Shoppe.
 10943 | D:6      | Learned a level 5 spell: Fireball
 11431 | D:6      | Found a blossoming altar of Fedhas.
 12034 | D:6      | Reached XP level 9. HP: 78/78 MP: 10/15
 13166 | D:7      | Noticed Maggie
 13282 | D:7      | Found Usiyl's Book Emporium.
 13309 | D:7      | Killed Maggie
 13309 | D:7      | Reached * piety under Vehumet
 13309 | D:7      | Offered knowledge of Sandblast by Vehumet.
 13310 | D:7      | Reached skill level 5 in Spellcasting
 13786 | D:7      | Reached skill level 5 in Fighting
 14188 | D:7      | Found Weffydoo's Jewellery Shoppe.
 14227 | D:7      | Found a shimmering altar of Xom.
 14227 | D:7      | Found an opulent altar of Gozag.
 14261 | D:7      | Found Livvifay's Distillery.
 14269 | D:7      | Bought a potion of heal wounds for 55 gold pieces
 14269 | D:7      | Bought a potion of heal wounds for 55 gold pieces
 14269 | D:7      | Bought a potion of curing for 33 gold pieces
 14269 | D:7      | Bought a potion of curing for 33 gold pieces
 14350 | D:7      | Found an ornate altar of the Wu Jian Council.
 14807 | D:8      | Reached XP level 10. HP: 25/88 MP: 7/18
 17180 | D:9      | Found a staircase to the Lair.
 17195 | D:9      | Offered knowledge of Searing Ray by Vehumet.
 17217 | D:9      | Reached ** piety under Vehumet
 17243 | D:9      | Learned a level 5 spell: Bolt of Magma
 17425 | D:9      | Reached skill level 10 in Fire Magic
 17568 | Lair:1   | Entered Level 1 of the Lair of Beasts
 17577 | Lair:1   | Reached XP level 11. HP: 94/99 MP: 20/20
 17905 | Lair:1   | Found a transporter.
 18312 | Lair:1   | Found a transporter.
 18815 | Lair:1   | Reached skill level 10 in Conjurations
 19587 | Lair:1   | Learned a level 2 spell: Swiftness
 19615 | Lair:1   | Found a blossoming altar of Fedhas.
 19630 | Lair:1   | Noticed an oklob plant
 21392 | Lair:2   | Found a staircase to the Swamp.
 22064 | Lair:2   | Noticed an eight-headed hydra
 22070 | Lair:2   | Killed an eight-headed hydra
 22758 | Lair:3   | Got a glimmering flail
 22786 | Lair:3   | Identified the +2 flail of Abomination {flame, +Inv rC+
                  | Dex+3} (You found it on level 3 of the Lair of Beasts)
 23239 | Lair:3   | Noticed a six-headed hydra
 23268 | Lair:3   | Noticed an oklob plant
 23737 | Lair:3   | Reached XP level 12. HP: 105/109 MP: 13/23
 23987 | Lair:3   | Killed a six-headed hydra
 23987 | Lair:3   | Offered knowledge of Ignite Poison by Vehumet.
 24387 | Lair:3   | Found a staircase to the Snake Pit.
 25734 | Lair:4   | Reached *** piety under Vehumet
 28154 | Lair:5   | Noticed an eight-headed hydra
 28159 | Lair:5   | Killed an eight-headed hydra
 28293 | Lair:5   | Offered knowledge of Stone Arrow by Vehumet.
 29217 | Lair:5   | Gained mutation: You can use your snake-like lower body to
                  | constrict enemies. [Naga growth]
 29217 | Lair:5   | Reached XP level 13. HP: 118/118 MP: 24/25
 29238 | Lair:5   | Learned a level 7 spell: Orb of Destruction
 29632 | Lair:5   | Reached **** piety under Vehumet
 29758 | Lair:5   | Found a runed translucent door.
 29761 | Lair:5   | Noticed EnegeticOcto's ghost (journeyman DgWn)
 30457 | Lair:5   | Found a staircase to the Slime Pits.
 30622 | Lair:6   | Entered Level 6 of the Lair of Beasts
 33054 | Lair:6   | Offered knowledge of Lee's Rapid Deconstruction by Vehumet.
 34137 | Lair:6   | Noticed a dire elephant
 34229 | Lair:6   | Killed a dire elephant
 34913 | Lair:6   | Reached XP level 14. HP: 116/130 MP: 16/27
 35367 | Lair:6   | Found a burning altar of Makhleb.
 35380 | Lair:6   | HP: 4/130 [sun demon (17)]
 35380 | Lair:6   | Mangled by a sun demon

Illustrated notes

Levels and vault maps discovered:
D:1:      dpeg_arrival_caged_fury, layout_loops_ring, tso_metal_star
D:2:      layout_loops_ring, lemuel_coloured_pillars_altar,
          chequers_ecumenical_altar_simple_redux, hangedman_decor_growths
D:3:      layout_loops_cross, nrook_mini_backslash, eino_tiny_chamber,
          minmay_cut_off, uniq_grinder
D:4:      layout_basic, ebering_ghost_rock_garden, trog_hazing_becter,
          uniq_duvessa, uniq_crazy_yiuf_cottage
D:5:      layout_basic, lemuel_round_altar, marbit_many_paths,
          minmay_temple_entry_trees, serial_shops, nicolae_shop_statue_plus,
          kennysheep_decorative_pillar, minmay_holes, chequers_jeans, uniq_ijyb,
          uniq_eustachio
D:6:      layout_gridville, basic_altar, serial_shops, shop,
          grunt_decor_arrowhead, minmay_misc_feat_iff
D:7:      layout_rooms, nzn_wu_jian_contemplation,
          gammafunk_temple_overflow_wave, serial_shops, shop, shop,
          nicolae_shop_trees, uniq_maggie
D:8:      layout_basic, the_bakery
D:9:      layout_basic, due_lair_maze_entry_diamond
Temple:   regret_index_temple_sphere_string
Lair:1:   gammafunk_cloud_chamber, layout_cave_pods, tgw_fedhas
Lair:2:   layout_roguey, minmay_swamp_entry_worms, lemuel_old_faithful
Lair:3:   layout_regular_city, dummy_snake_entry, minmay_lair_oklob_bushes,
          st_stairs_7, minivault_27, grunt_megastairs_4, serial_bayou_shore_b
Lair:4:   layout_layer_cave, minmay_lair_oklob_chamber
Lair:5:   layout_long_grid, dpeg_slime_entry_corner, ebering_ghost_inner_flame,
          st_stairs_8, grunt_megastairs_3, infiniplex_staircase_pool
Lair:6:   evil_forest, layout_gridlike, lemuel_fruit_fields, grunt_megastairs_2

Skill      XL: |  1  2  3  4  5  6  7  8  9 10 11 12 13 |
---------------+----------------------------------------+-----
Conjurations   | 2 3 4 6 8 9 10 12 13 | 13.5
Fighting       | 1 2 3 4 5 6 7 8 9 |  9.8
Fire Magic     | 4 5 7 8 10 11 12 13 | 13.8
Spellcasting   | 3 4 5 6 7 8 9 |  9.2
Dodging        | |  1.5
Stealth        | |  3.0

Action                   |  1- 3 |  4- 6 |  7- 9 | 10-12 | 13-15 || total
-------------------------+-------+-------+-------+-------+-------++-------
Melee: Mace              |    34 |     5 |       |       |       ||    39
       Spear             |       |    40 |    29 |       |       ||    69
       War axe           |       |    30 |    51 |       |       ||    81
       Quarterstaff      |       |       |    14 |       |       ||    14
       Battleaxe         |       |       |    43 |   101 |    29 ||   173
       Flail             |       |       |       |     7 |       ||     7
       Constrict         |       |       |       |       |     5 ||     5
 Cast: Foxfire           |    76 |   129 |   230 |   127 |     6 ||   568
       Conjure Flame     |       |     3 |     3 |     1 |       ||     7
       Sticky Flame      |       |       |    24 |    50 |    14 ||    88
       Fireball          |       |       |     9 |   115 |    77 ||   201
       Bolt of Magma     |       |       |       |    31 |    56 ||    87
       Swiftness         |       |       |       |     3 |       ||     3
Evoke: Wand              |       |       |     3 |     4 |     2 ||     9
  Use: Potion            |     2 |     2 |     4 |     8 |     1 ||    17
       Scroll            |       |     6 |    12 |    12 |     7 ||    37
 Stab: Sleeping          |       |       |     1 |     1 |       ||     2
Armor: Robe              |    17 |    18 |    97 |   157 |    21 ||   310
       Acid dragon scale |       |       |       |       |    49 ||    49
Dodge: Dodged            |    64 |    83 |   198 |   183 |    68 ||   596

Table legend: (Time is in decaauts)
 A = Elapsed time spent in this place.
 B = Non-inter-level travel time spent in this place.
 C = Inter-level travel time spent in this place.
 D = Time resting spent in this place.
 E = Time spent auto-exploring this place.
 F = Levels seen in this place.
 G = Mean time per level.
                   A        B        C        D        E       F      G
               +--------+--------+--------+--------+--------+-----+--------+
         Total |  40426 |  38541 |   1885 |  18882 |  15020 |  16 | 2526.6 |
       Dungeon |  20399 |  19445 |    954 |   8276 |   8274 |   9 | 2266.6 |
        Temple |     49 |     32 |     17 |      0 |     19 |   1 |   49.0 |
          Lair |  19978 |  19064 |    914 |  10606 |   6726 |   6 | 3329.7 |
               +--------+--------+--------+--------+--------+-----+--------+

Top non-repeatable levels by time:
  Lair:5: 4676 daAuts
  Lair:4: 4059 daAuts
  Lair:1: 3391 daAuts
     D:4: 3246 daAuts
     D:3: 3000 daAuts
  Lair:2: 2900 daAuts
     D:2: 2599 daAuts
  Lair:3: 2594 daAuts
     D:8: 2394 daAuts
  Lair:6: 2356 daAuts
     D:1: 2317 daAuts
     D:6: 2156 daAuts
     D:7: 1834 daAuts
     D:5: 1653 daAuts
     D:9: 1197 daAuts
